 Dungeon Crawl Stone Soup version 0.29.1-13-g9f3cf754e1 (webtiles) character file.

Game seed: 74604207871836976

252 zlionsfan the Trooper (level 6, -8/66 HPs)
             Began as an Ogre Cinder Acolyte on Feb 4, 2023.
             Was an Initiate of Vehumet.
             Mangled by a fire elemental (9 damage)
             ... created by the fiery vengeance of Ignis
             ... on level 7 of the Dungeon.
             The game lasted 00:10:03 (3398 turns).

zlionsfan the Trooper (Ogre Cinder Acolyte)         Turns: 3398, Time: 00:10:03

Health: -8/66      AC:  3    Str: 21    XL:     6   Next: 14%
Magic:  8/8        EV:  9    Int: 21    God:    Vehumet [......]
Gold:   131        SH:  0    Dex:  4    Spells: 4/8 levels left

rFire   . . .      SeeInvis .   a - -1 hand axe (flame)
rCold   . . .      Faith    .   (no shield)
rNeg    . . .      Spirit   .   b - +0 robe
rPois   .          Reflect  .   (helmet restricted)
rElec   .          Harm     .   (no cloak)
rCorr   .          Rampage  .   (gloves unavailable)
Will    .....                   (boots unavailable)
Stlth   +.........              (no amulet)
HPRegen 0.21/turn               p - +6 ring of intelligence
MPRegen 0.11/turn               (no ring)

@: about to teleport, fire susceptible
A: large, unfitting armour, tough skin 1
a: Renounce Religion


You were on level 7 of the Dungeon.
You worshipped Vehumet.
Vehumet was noncommittal.
You visited 2 branches of the dungeon, and saw 8 of its levels.

You collected 131 gold pieces.

Inventory:

Hand Weapons
 a - a -1 hand axe of flaming (weapon)
Armour
 b - a +0 robe (worn)
Jewellery
 p - a +6 ring of intelligence (left hand)
Wands
 i - a wand of mindburst (15)
Scrolls
 h - a scroll of enchant weapon {unknown}
 j - a scroll of magic mapping {unknown}
 k - a scroll of noise {unknown}
 l - a scroll of silence
Potions
 d - a potion of attraction {unknown}
 e - 2 potions of lignification {unknown}
 f - a potion of brilliance {unknown}
 g - a potion of invisibility {unknown}
 m - a potion of haste {unknown}
 n - a potion of mutation {unknown}
 o - a potion of might {unknown}


   Skills:
 * Level 5.2 Fighting
 * Level 5.1 Axes
 + Level 1.3 Dodging
 * Level 1.6 Spellcasting
 + Level 3.5 Fire Magic


You had 4 spell levels left.
You knew the following spells:

 Your Spells              Type           Power      Damage    Failure   Level
a - Scorch                Fire           32%        2d7       5%          2
b - Beastly Appendage     Tmut           4%         N/A       16%         1
c - Apportation           Tloc           2%         N/A       16%         1

Your spell library contained the following spells:

 Spells                   Type           Power      Damage    Failure   Level
 Static Discharge         Conj/Air       1%         3-4/arc   24%         2
 Ignite Poison            Fire/Tmut/Pois 6%         N/A       28%         3
 Mephitic Cloud           Conj/Pois/Air  1%         N/A       43%         3
 Ozocubu's Armour         Ice            1%         N/A       43%         3
 Ice Form                 Ice/Tmut       1%         N/A       83%         4
 Freezing Cloud           Conj/Ice/Air   0%         6-21      99%         5
 Lightning Bolt           Conj/Air       0%         1d11      99%         5
 Metabolic Englaciation   Hex/Ice        0%         N/A       99%         5
 Simulacrum               Ice/Necr       0%         N/A       100%        6
 Maxwell's Capacitive Co  Air            0%         ∞         100%        8


Dungeon Overview and Level Annotations

Branches:
Dungeon (7/15)             Temple (1/1) D:7

Altars:
Elyvilon
Fedhas
Kikubaaqudgha
Nemelex Xobeh
Sif Muna
Vehumet
Xom
Yredelemnul

Annotations:
D:3 2 transporters, bubby's ghost, amateur VSFi
D:5 Menkaure


Innate Abilities, Weirdness & Mutations

You are too large for most types of armour.
You have tough skin. (AC +1)


Message History

Ijyb is almost dead.
Ijyb zaps a wand.
Your mind is blasted!
* * * LOW HITPOINT WARNING * * *
Casting: Scorch (safe; 5% risk of failure)
Confirm with . or Enter, or press ? or * to list all spells.
You don't have enough magic to cast this spell.
You hit Ijyb.
You kill Ijyb!
Vehumet accepts your kill.
i - a wand of mindburst (15)
Things that are here:
a +0 club; a +2 leather armour of fire resistance; the goblin corpse of Ijyb You start resting.
Magic restored.
You start resting.
Ignis burns the ground from beneath your feet!
You fall into a shaft and drop 3 floors!
The shaft crumbles and collapses.
Found a staircase to the Ecumenical Temple.
There is a staircase to the Ecumenical Temple here.
You climb downwards.
Welcome to the Ecumenical Temple!
Found four altars.
There is a staircase back to the Dungeon here.
You start resting. "My hands, my teeth, my burning tears: these will never betray me!" 2 fire elementals come into view.
The fire elemental hits you. The fire elemental burns you!
There is a staircase back to the Dungeon here.
The fire elemental hits you. The fire elemental burns you!
The fire elemental hits you. The fire elemental burns you!
You climb upwards.
Welcome back to the Dungeon!
There is a staircase to the Ecumenical Temple here.
As you read the scroll of teleportation, it crumbles to dust.
You feel strangely unstable. The fire elemental hits you.
The fire elemental burns you!
* * * LOW HITPOINT WARNING * * *
The fire elemental hits you. The fire elemental burns you!
* * * LOW HITPOINT WARNING * * *
The fire elemental hits you. The fire elemental burns you!
You die...

#♣♣♣#
♣☼..♣
♣E>.♣
♣@E○♣
#♣.♣#
#+#


You could see 2 fire elementals.

Vanquished Creatures
  A gnoll bouda (D:3)
  Ijyb (D:4)
  Natasha (twice) (D:2)
  4 gnolls (D:3)
  3 adders
  A white imp (D:5)
  A worm (D:2)
  2 dart slugs
  2 orcs (D:3)
  7 ball pythons
  8 bats
  8 endoplasms
  5 giant cockroaches
  2 goblins
  6 hobgoblins
  6 jackals
  3 kobolds
  6 frilled lizards
  5 rats
73 creatures vanquished.

Notes
Turn   | Place    | Note
-------+----------+-------------------------------------------
     0 | D:1      | zlionsfan the Ogre Cinder Acolyte began the quest for the
                  | Orb.
     0 | D:1      | Reached XP level 1. HP: 24/24 MP: 2/2
   168 | D:1      | Reached XP level 2. HP: 32/32 MP: 3/3
   203 | D:1      | Learned a level 2 spell: Scorch
   321 | D:1      | Reached XP level 3. HP: 38/39 MP: 4/4
   775 | D:1      | Found a faded altar of an unknown god.
   775 | D:1      | Noticed a sun demon
   956 | D:2      | Got the Spellbook of Metamorphosis
   992 | D:2      | Learned a level 1 spell: Beastly Appendage
  1413 | D:2      | Noticed Natasha
  1417 | D:2      | Killed Natasha
  1418 | D:2      | Reached XP level 4. HP: 49/49 MP: 2/5
  1623 | D:2      | Noticed Natasha
  1632 | D:2      | Killed Natasha
  1912 | D:3      | Noticed an ogre
  1912 | D:3      | Noticed an ogre
  1912 | D:3      | Found a transporter.
  1918 | D:3      | Reached XP level 5. HP: 55/55 MP: 4/7
  2016 | D:3      | Reached skill level 1 in Dodging
  2020 | D:3      | Reached skill level 5 in Fighting
  2569 | D:3      | Found a sparkling altar of Nemelex Xobeh.
  2742 | D:3      | Identified the +7 great mace of Grace {speed, Drain rElec
                  | Str+7}
  2742 | D:3      | Noticed an ogre
  2744 | D:3      | Noticed bubby's ghost (amateur VSFi)
  2746 | D:3      | Found a transporter.
  2754 | D:3      | You fall into a shaft and drop 3 floors!
  2822 | D:6      | Noticed a steam dragon
  2841 | D:5      | Entered Level 5 of the Dungeon
  2845 | D:5      | Found a radiant altar of Vehumet.
  2848 | D:5      | Fell from the grace of Ignis
  2848 | D:5      | Became a worshipper of Vehumet
  2851 | D:5      | Found an ancient bone altar of Kikubaaqudgha.
  2852 | D:5      | Found a shimmering blue altar of Sif Muna.
  2860 | D:5      | Reached skill level 5 in Axes
  2860 | D:5      | Reached XP level 6. HP: 66/66 MP: 5/8
  2864 | D:5      | Got Sif Muna's Guidebook on Wanderlust
  2876 | D:5      | Learned a level 1 spell: Apportation
  2926 | D:5      | Noticed Menkaure
  3166 | D:4      | Noticed a fire elemental
  3166 | D:4      | Noticed a fire elemental
  3166 | D:4      | Noticed a fire elemental
  3168 | D:4      | Noticed Ijyb
  3187 | D:4      | Killed Ijyb
  3324 | D:4      | You fall into a shaft and drop 3 floors!
  3324 | D:7      | Found a staircase to the Ecumenical Temple.
  3327 | Temple   | Entered the Ecumenical Temple
  3393 | Temple   | Noticed a fire elemental
  3393 | Temple   | Noticed a fire elemental
  3397 | D:7      | HP: 1/66 [fire elemental[the fiery vengeance of Ignis]
                  | (10)]
  3398 | D:7      | Mangled by a fire elemental

Illustrated notes

Levels and vault maps discovered:
D:1:      saegor_arrival_simple_b, layout_basic,
          dreamdust_ecumenical_altar_sealed_demon, dk_noncrumbling_4
D:2:      layout_loops_ring, uniq_natasha
D:3:      minmay_razor_zed, layout_basic, mainiacjoe_overflow_alcove_4,
          lemuel_coloured_pillars_altar, nemelex_spade_bored_becter,
          gammafunk_ghost_smash
D:4:      layout_loops_corners, makhleb_blood_cavern_becter, serial_shops,
          nicolae_inconvenience_store, shop, nicolae_shop_crystal,
          nicolae_shop_behind_doors, uniq_ijyb
D:5:      layout_basic, grunt_temple_overflow_magic_moments, ashenzari_altar_1,
          chequers_temple_overflow_statue_of_worship,
          hangedman_abyss_or_decor_slice, uniq_menkaure
D:6:      layout_gridville, minivault_22, kennysheep_dice, uniq_pikel
D:7:      layout_loops_cross, minmay_temple_entry_enclosed_plants,
          serial_bayou_lagoon_a, dk_noncrumbling_3, chequers_big_river
Temple:   hellmonk_temple_rainy

Skill      XL: |  1  2  3  4  5 |
---------------+----------------+-----
Fire Magic     | 3 |  3.5
Axes           | 4 5 |  5.1
Dodging        | 1 |  1.3
Fighting       | 5 |  5.2
Spellcasting   | |  1.6

Action                   |  1- 3 |  4- 6 || total
-------------------------+-------+-------++-------
Melee: Hand axe          |    83 |   105 ||   188
       Punch             |     2 |     2 ||     4
 Cast: Scorch            |     2 |    11 ||    13
       Beastly Appendage |       |     1 ||     1
Invok: Fiery Armour      |     3 |     2 ||     5
  Use: Scroll            |       |     5 ||     5
       Potion            |       |     3 ||     3
Armor: Robe              |    47 |    52 ||    99
Dodge: Dodged            |    34 |    64 ||    98
